[Event "Titled Tuesday Blitz July 6 2021"]
[White "Sargissyan, Sargis"]
[Black "Devaev, Alexander"]
[WhiteFideId "13303210"]
[BlackFideId "4169395"]
[WhiteElo "2174"]
[BlackElo "2185"]
[Result "1-0"]
[Round "10"]
[TimeControl "180+1"]
[Date "2021.07.06"]
[WhiteClock "0:00:04"]
[BlackClock "0:00:09"]

1. e4 c6 2. Nc3 d5 3. Nf3 Nf6 4. e5 Ne4 5. Ne2 Qb6 6. d4 Bg4 7. Ng3 Nxg3 8. hxg3 e6 9. c3 Be7 10. Bd3 g6 11. Qe2 c5 12. dxc5 Bxc5 13. Bh6 Bf8 14. Bxf8 Kxf8 15. Rh4 Bxf3 16. gxf3 Nd7 17. Kf1 Kg7 18. Kg2 h5 19. Rah1 Qc7 20. f4 a6 21. g4 hxg4 22. Qxg4 Rag8 23. Qh3 Rxh4 24. Qxh4 Kf8 25. Qh6+ Ke7 26. Qh7 Qc8 27. Qh4+ Ke8 28. Rh3 Qd8 29. Qh7 Rf8 30. Bxg6 Qe7 31. Bc2 Kd8 32. Rg3 Nc5 33. Rg7 Qe8 34. b4 Nd7 35. Qh4+ Qe7 36. Qg3 Kc7 37. Bd3 Nb6 38. Qe3 Nc8 39. f5 exf5 40. Bxf5 Nb6 41. Qc5+ Qxc5 42. bxc5 Nc4 43. e6 Kc6 44. Rxf7 Re8 45. e7 Kxc5 46. Bg6 Rg8 47. Rf6 Nd6 48. Rxd6 Kxd6 49. e8=Q Rxe8 50. Bxe8 Kc5 51. f4 Kc4 52. f5 Kxc3 53. f6 d4 54. Ba4 d3 55. f7 b5 56. Bb3 Kd2 57. f8=Q 1-0


[Site "https://www.chess.com"]

[Event "Titled Tuesday Blitz July 6 2021"]
[White "Sawlin, Leonid"]
[Black "Assaubayeva, Bibisara"]
[WhiteFideId "4689542"]
[BlackFideId "13708694"]
[WhiteElo "2412"]
[BlackElo "2232"]
[Result "0-1"]
[Round "10"]
[TimeControl "180+1"]
[Date "2021.07.06"]
[WhiteClock "0:02:08"]
[BlackClock "0:00:21"]

1. e4 c5 2. Nf3 d6 3. d4 cxd4 4. Nxd4 Nf6 5. Nc3 a6 6. Bg5 e6 7. f4 Be7 8. Qe2 Qc7 9. O-O-O h6 10. Bh4 Nbd7 11. Kb1 b5 12. a3 Bb7 13. g4 Rc8 14. Bg2 Nb6 15. e5 Bxg2 16. Qxg2 dxe5 17. fxe5 Nfd5 18. Nxd5 Nxd5 19. Bxe7 Qxe7 20. Nf5 exf5 21. Rxd5 f4 22. Qe4 Rc4 23. Rd4 O-O 24. Rxc4 bxc4 25. Qxf4 c3 26. Rd1 Rb8 27. b4 a5 28. Rd4 axb4 29. axb4 Qa7 30. Qe3 Rxb4+ 31. Rxb4 Qxe3 32. Ka2 Qxe5 33. Kb3 Qxh2 34. Kxc3 Qg3+ 35. Kb2 g6 36. Rb3 Qxg4 37. Rb8+ Kg7 38. Rb3 h5 39. Rd3 h4 40. Kb3 h3 41. c4 h2 42. Rd1 Qxd1+ 0-1


[Site "https://www.chess.com"]

[Event "Titled Tuesday Blitz July 6 2021"]
[White "Schut, Han"]
[Black "Boidiya, Sidi"]
[WhiteFideId "1005561"]
[BlackFideId "19600100"]
[WhiteElo "2057"]
[BlackElo "2113"]
[Result "1-0"]
[Round "10"]
[TimeControl "180+1"]
[Date "2021.07.06"]
[WhiteClock "0:01:11"]
[BlackClock "0:01:11"]

1. e4 c5 2. Nf3 e6 3. g3 Nc6 4. Bg2 d5 5. exd5 exd5 6. d4 Nf6 7. O-O Be7 8. dxc5 O-O 9. Nbd2 Bxc5 10. Nb3 Bd6 11. c3 Be6 12. Nbd4 Qd7 13. Re1 Rfe8 14. Nxe6 fxe6 15. Ng5 h6 16. Nh3 Bc5 17. Nf4 Rad8 18. Bh3 Ne4 19. Be3 Bxe3 20. Rxe3 Qf7 21. Qg4 e5 22. Rxe4 dxe4 23. Ng6 Rd2 24. Rf1 Qf3 25. Qh4 Kh7 26. Bg2 Qf6 27. Bxe4 Qxh4 28. Nxh4+ Kg8 29. b4 Rxa2 30. Bd5+ Kh8 31. Bxa2 e4 32. Re1 a6 33. Kg2 b5 34. Bd5 1-0


[Site "https://www.chess.com"]

[Event "Titled Tuesday Blitz July 6 2021"]
[White "Senthil Maran K"]
[Black "Araujo Filho, Luiz Antonio Coel"]
[WhiteFideId "25035681"]
[BlackFideId "2130661"]
[WhiteElo "2194"]
[BlackElo "2290"]
[Result "1-0"]
[Round "10"]
[TimeControl "180+1"]
[Date "2021.07.06"]
[WhiteClock "0:00:18"]
[BlackClock "0:00:08"]

1. d4 f5 2. Nf3 Nf6 3. g3 g6 4. Bg2 Bg7 5. O-O O-O 6. Nbd2 d6 7. Re1 e5 8. dxe5 dxe5 9. Nxe5 Nbd7 10. Nxd7 Qxd7 11. e4 f4 12. gxf4 Nh5 13. Nf1 Nxf4 14. Bxf4 Rxf4 15. Qxd7 Bxd7 16. c3 Raf8 17. f3 c6 18. Rad1 Be6 19. a3 Bb3 20. Rd7 R4f7 21. Rxf7 Rxf7 22. Nd2 Be6 23. Nf1 Rd7 24. Kf2 Bh6 25. Ne3 Rd3 26. Ng4 Bf4 27. h3 Bc4 28. Bf1 Rd2+ 29. Kg1 Bxf1 30. Kxf1 Rxb2 31. Rd1 Rd2 32. Rxd2 Bxd2 33. c4 Kf7 34. Ke2 Bc1 35. a4 Ke6 36. Kd3 h5 37. Nf2 Ke5 38. Ke2 Ba3 39. Nd3+ Kd6 40. f4 Ke6 41. Kf3 Bd6 42. e5 Ba3 43. Ke4 a6 44. c5 Ke7 45. f5 g5 46. Kd4 g4 47. hxg4 hxg4 48. Ke4 1-0


[Site "https://www.chess.com"]

[Event "Titled Tuesday Blitz July 6 2021"]
[White "Seul, Georg"]
[Black "Sanchez Alvares, Kelvin Antonio"]
[WhiteFideId "4601653"]
[BlackFideId "3906680"]
[WhiteElo "2332"]
[BlackElo "2247"]
[Result "1-0"]
[Round "10"]
[TimeControl "180+1"]
[Date "2021.07.06"]
[WhiteClock "0:00:22"]
[BlackClock "0:00:11"]

1. e4 c5 2. Nf3 d6 3. Bc4 Nc6 4. O-O Nf6 5. d3 g6 6. h3 Bg7 7. Nc3 O-O 8. a3 Be6 9. Bxe6 fxe6 10. Be3 e5 11. Ne2 Qd7 12. Nd2 Nh5 13. Kh2 Nf4 14. Ng1 Rf7 15. Qg4 Qxg4 16. hxg4 b5 17. g3 Ne6 18. c3 a5 19. a4 b4 20. Nc4 Rff8 21. Kg2 Rfb8 22. Nf3 bxc3 23. bxc3 Rb3 24. Rfc1 Rab8 25. Nfd2 R3b7 26. Kf1 Nc7 27. Ke2 Bf8 28. Rcb1 e6 29. Rxb7 Rxb7 30. Rb1 Rxb1 31. Nxb1 d5 32. Nb2 Kf7 33. f3 Ke8 34. Nd2 Na8 35. Nb3 d4 36. Bd2 Nb6 37. cxd4 exd4 38. Nxa5 Kd7 39. Nac4 Nxc4 40. Nxc4 Bd6 41. f4 Bc7 42. e5 Ne7 43. Kf3 Kc6 44. Ba5 Bxa5 45. Nxa5+ Kc7 46. Nc4 Nd5 47. a5 Kc6 48. g5 Kb5 49. g4 Nb4 50. Ke4 Kc6 51. f5 exf5+ 52. gxf5 gxf5+ 53. Kxf5 Nxd3 54. e6 Nb4 55. Kf6 Nd5+ 56. Kf7 Kb5 57. Nb6 Nc7 58. e7 d3 59. Nd5 Nxd5 60. e8=Q+ Kc4 61. Qe4+ 1-0


[Site "https://www.chess.com"]

[Event "Titled Tuesday Blitz July 6 2021"]
[White "Shahade, Gregory"]
[Black "Koelle, Tobias"]
[WhiteFideId "2009064"]
[BlackFideId "16207378"]
[WhiteElo "2716"]
[BlackElo "2364"]
[Result "1-0"]
[Round "10"]
[TimeControl "180+1"]
[Date "2021.07.06"]
[WhiteClock "0:00:10"]
[BlackClock "0:00:13"]

1. e4 g6 2. d4 Bg7 3. Nc3 Nc6 4. d5 Nb8 5. Be3 e5 6. Qd2 d6 7. f3 f5 8. O-O-O Nf6 9. Bb5+ Kf7 10. Nge2 a6 11. Bd3 b5 12. a3 f4 13. Bf2 g5 14. g4 h5 15. h3 Nbd7 16. Rdg1 h4 17. Na2 Nb6 18. Qa5 Bd7 19. Nb4 Na4 20. Kb1 c5 21. Qxd8 Rhxd8 22. b3 Nb6 23. Na2 a5 24. c3 Rdb8 25. Bc2 Bf8 26. Ka1 a4 27. b4 Nc4 28. Bd3 Nxa3 29. Rc1 Nc4 30. Bxc4 bxc4 31. Kb2 Be7 32. Ka3 Ne8 33. Rb1 Nc7 34. Kb2 Na6 35. Kc2 cxb4 36. cxb4 Nc7 37. Nec3 Nb5 38. Nxb5 Bxb5 39. Nc3 Bd8 40. Ra1 Bd7 41. Rhb1 a3 42. Ra2 Ke8 43. b5 Ba5 44. b6 Bxc3 45. Kxc3 Ra4 46. Rb4 Ra6 47. Rxc4 Kd8 48. Rb4 Kc8 49. Kb3 Kb7 50. Rxa3 Rxa3+ 51. Kxa3 Rc8 52. Kb2 Ka6 53. Rb3 Kb7 54. Ra3 Ra8 55. Rxa8 Kxa8 56. Ka3 Kb7 57. Kb4 Be8 58. Ka5 Bd7 59. Be1 Kb8 60. Bb4 Kb7 61. Bxd6 Bxg4 62. fxg4 f3 63. Bc5 f2 64. Bxf2 Kc8 65. Be3 Kd7 66. Bxg5 Kd6 67. Bxh4 Kc5 68. Bg3 Kd4 69. g5 Kd3 70. Bxe5 Kc4 71. Bg3 Kd3 72. g6 Ke2 73. g7 Kf3 74. g8=Q Kg2 75. Qg4 Kh1 76. Qf3+ Kg1 77. Qf2+ Kh1 78. Qh2# 1-0


[Site "https://www.chess.com"]

[Event "Titled Tuesday Blitz July 6 2021"]
[White "Sieciechowicz, Marcin"]
[Black "Bon, Michael"]
[WhiteFideId "1130170"]
[BlackFideId "620696"]
[WhiteElo "2302"]
[BlackElo "2415"]
[Result "0-1"]
[Round "10"]
[TimeControl "180+1"]
[Date "2021.07.06"]
[WhiteClock "0:00:14"]
[BlackClock "0:00:13"]

1. d4 d5 2. c4 Nc6 3. Nc3 dxc4 4. d5 Ne5 5. e4 e6 6. Bf4 Ng6 7. Be3 e5 8. Bxc4 a6 9. Nge2 Nf6 10. O-O Ng4 11. Qd2 Nxe3 12. Qxe3 Bd6 13. Rac1 O-O 14. Bb3 Qh4 15. g3 Qh5 16. f3 Bd7 17. Nb1 Ne7 18. Nd2 f5 19. Nc4 f4 20. Qf2 Bh3 21. g4 Qg5 22. Kh1 Bxf1 23. Rxf1 Ng6 24. Nc1 Rf6 25. Nd3 Re8 26. Rc1 Qh4 27. Kg2 Qxf2+ 28. Kxf2 Nf8 29. h4 Rf7 30. h5 Nd7 31. Ke2 h6 32. a3 Nb6 33. Ba2 Kf8 34. Rg1 Nxc4 35. Bxc4 Rc8 36. Bb3 Ke7 37. Rg2 Kf6 38. Ne1 Kg5 39. Rh2 Re7 40. Ng2 c6 41. dxc6 Rxc6 42. Kd2 Rb6 0-1


[Site "https://www.chess.com"]

[Event "Titled Tuesday Blitz July 6 2021"]
[White "Siva Mahadevan"]
[Black "Pruijssers, Roeland"]
[WhiteFideId "25043153"]
[BlackFideId "1013068"]
[WhiteElo "2203"]
[BlackElo "2545"]
[Result "1-0"]
[Round "10"]
[TimeControl "180+1"]
[Date "2021.07.06"]
[WhiteClock "0:00:51"]
[BlackClock "0:00:05"]

1. e4 d5 2. exd5 Qxd5 3. Nf3 Bg4 4. Be2 Nc6 5. d4 O-O-O 6. c4 Qf5 7. Be3 Bxf3 8. Bxf3 Nxd4 9. Bxd4 Qe6+ 10. Be2 Qe4 11. O-O Qxd4 12. Qa4 e6 13. Nc3 Qb6 14. b4 Qxb4 15. Qxa7 Qxc3 16. Bf3 Bd6 17. Rac1 Qe5 18. Qxb7+ Kd7 19. Rfd1 Qxh2+ 20. Kf1 Ke7 21. c5 Be5 22. Rxd8 Kxd8 23. Rd1+ Ke7 24. Qc8 Kf6 25. Qd8+ Kg6 26. Be4+ Kh6 27. Rd3 Bf6 28. Qe8 Qf4 29. Rh3+ Kg5 30. Qxf7 g6 31. Rg3+ Kh6 32. Rxg6+ 1-0


[Site "https://www.chess.com"]

[Event "Titled Tuesday Blitz July 6 2021"]
[White "Sonis, Francesco"]
[Black "Khusnutdinov, Rustam"]
[WhiteFideId "895733"]
[BlackFideId "13701703"]
[WhiteElo "2373"]
[BlackElo "2571"]
[Result "0-1"]
[Round "10"]
[TimeControl "180+1"]
[Date "2021.07.06"]
[WhiteClock "0:00:24"]
[BlackClock "0:00:29"]

1. d4 d5 2. e3 Nf6 3. c3 Bg4 4. Qb3 Qc8 5. h3 Bh5 6. Nd2 e6 7. Ngf3 Nbd7 8. Nh4 Bd6 9. g4 Bg6 10. Nxg6 hxg6 11. Bg2 c5 12. Qd1 Qc7 13. b3 cxd4 14. cxd4 Rc8 15. Bb2 O-O 16. O-O Qc2 17. Rb1 Bb4 18. Nf3 Ne4 19. Ne1 Qxd1 20. Rxd1 Bxe1 21. Rfxe1 Rc2 22. Ba3 Rfc8 23. f3 Nc3 24. Ra1 Nxa2 25. Bf1 a6 26. Red1 Nc3 27. Re1 Nb5 28. Bb4 Rb2 29. Reb1 Rxb1 30. Rxb1 Na7 31. Bd3 Nc6 32. Rc1 Nb6 33. Bc5 Nb4 34. Bf1 Nd7 35. Rc3 Nxc5 36. dxc5 Kf8 37. Kf2 b6 38. c6 Ke7 39. e4 d4 40. Rc1 g5 41. e5 Rxc6 42. Rxc6 Nxc6 43. Bxa6 Nxe5 44. Be2 Kd6 45. Kg3 d3 0-1


[Site "https://www.chess.com"]

[Event "Titled Tuesday Blitz July 6 2021"]
[White "Spata, German"]
[Black "Dang, Hoang Son"]
[WhiteFideId "113026"]
[BlackFideId "12402435"]
[WhiteElo "2238"]
[BlackElo "2248"]
[Result "0-1"]
[Round "10"]
[TimeControl "180+1"]
[Date "2021.07.06"]
[WhiteClock "0:00:24"]
[BlackClock "0:01:56"]

1. Nf3 g6 2. d4 Bg7 3. g3 Nf6 4. Bg2 O-O 5. O-O d6 6. b3 Nbd7 7. Bb2 e5 8. dxe5 Ng4 9. c4 dxe5 10. h3 Nh6 11. Nc3 e4 12. Nd4 Nc5 13. e3 f5 14. Ba3 b6 15. Na4 Nxa4 16. Bxf8 Nb2 17. Qc2 Qxf8 18. Qxb2 c5 19. f3 cxd4 20. exd4 Qd6 21. Rad1 Qxg3 22. fxe4 fxe4 23. Qf2 Qxf2+ 24. Rxf2 Bf5 25. Re2 Rd8 26. Bxe4 Bxh3 27. d5 Bg4 28. Rde1 Bxe2 29. Rxe2 Nf7 30. Bg2 Bf8 31. Bh3 Bc5+ 32. Kg2 Kg7 33. Be6 Nd6 34. a3 Bxa3 35. Ra2 Bc5 36. Rxa7+ Kh6 37. Rc7 Rf8 38. Rc6 Rf2+ 39. Kh3 Ne4 40. b4 Bd6 41. Rxb6 Ng5+ 42. Kg4 Rg2+ 43. Kh4 Nf3+ 44. Kh3 Rg3# 0-1


[Site "https://www.chess.com"]

[Event "Titled Tuesday Blitz July 6 2021"]
[White "Svane, Rasmus"]
[Black "Sardana, Rishi"]
[WhiteFideId "4657101"]
[BlackFideId "25004301"]
[WhiteElo "2669"]
[BlackElo "2340"]
[Result "1/2-1/2"]
[Round "10"]
[TimeControl "180+1"]
[Date "2021.07.06"]
[WhiteClock "0:00:10"]
[BlackClock "0:00:14"]

1. Nf3 d5 2. g3 Nd7 3. d4 Nb6 4. Nc3 Bf5 5. a4 a5 6. Nh4 Bg6 7. Nxg6 hxg6 8. e4 e6 9. Bg2 Bb4 10. O-O c6 11. Ne2 dxe4 12. Bxe4 Nf6 13. Bg2 O-O 14. Nf4 Nbd5 15. Nd3 Be7 16. Qe2 Nb4 17. Ne5 Qc7 18. c3 Nbd5 19. h4 Rad8 20. Bg5 c5 21. dxc5 Bxc5 22. Rad1 b6 23. Bf3 Ne7 24. Kg2 Nf5 25. Rh1 Rxd1 26. Rxd1 Rd8 27. Rh1 Bd6 28. Re1 Re8 29. Nc4 Bxg3 30. fxg3 Qxg3+ 31. Kf1 Qc7 32. Kg1 Qg3+ 33. Bg2 Nxh4 34. Bxh4 Qxh4 35. Ne5 Qg3 36. Rf1 Rd8 37. Nc6 Rd6 38. Qf3 Qg5 39. Ne7+ Kf8 40. Nc8 Qc5+ 41. Kh2 Qxc8 42. Qf4 Qc7 43. Rd1 Ne8 44. Rf1 Rd7 45. Kh3 Qxf4 46. Rxf4 Nf6 47. Rc4 Ke7 48. Rc6 Rd6 49. Rc7+ Nd7 50. b4 Kd8 51. Ra7 axb4 52. cxb4 Rd4 53. a5 bxa5 54. bxa5 Nc5 55. Rxf7 Rd7 56. Rf8+ Kc7 57. Ra8 Rd3+ 58. Kg4 Ra3 59. Bh1 Kd6 60. Ra7 Ke5 61. Bc6 Ne4 62. Bxe4 Kxe4 63. Rxg7 Rxa5 64. Rxg6 e5 65. Rb6 Kd4 66. Rb4+ Kd5 67. Kf3 Ra3+ 68. Ke2 Rc3 69. Rh4 Rc4 70. Rxc4 Kxc4 71. Ke3 Kd5 72. Kd3 e4+ 73. Ke3 Ke5 74. Ke2 Kf4 75. Kf2 e3+ 76. Ke2 Ke4 77. Ke1 Kd3 78. Kd1 Kd4 79. Ke2 Ke4 80. Ke1 Kf3 81. Kf1 e2+ 82. Ke1 Ke3 1/2-1/2


[Site "https://www.chess.com"]

[Event "Titled Tuesday Blitz July 6 2021"]
[White "Tejedor Fuente, Enrique"]
[Black "Daianu, Cristian-Clement"]
[WhiteFideId "2299100"]
[BlackFideId "1208926"]
[WhiteElo "2535"]
[BlackElo "2133"]
[Result "1-0"]
[Round "10"]
[TimeControl "180+1"]
[Date "2021.07.06"]
[WhiteClock "0:01:15"]
[BlackClock "0:01:32"]

1. e4 c5 2. Nc3 e6 3. Nge2 a6 4. d4 cxd4 5. Nxd4 d6 6. g4 b5 7. Bg2 Bb7 8. O-O Qc7 9. a4 b4 10. Na2 Nf6 11. Re1 Be7 12. g5 Nfd7 13. Nxb4 d5 14. Nxd5 exd5 15. exd5 Ne5 16. Nf5 O-O 17. Nxe7+ Qxe7 18. d6 Qd7 19. Bxb7 Qxb7 20. Rxe5 Nd7 21. Re7 Rad8 22. b3 Qc6 23. Bb2 f6 24. c4 Ne5 25. Bxe5 fxe5 26. d7 Rf7 27. Rxf7 Kxf7 28. Qh5+ Qg6 29. Qxg6+ Kxg6 30. Rd1 Kxg5 31. c5 1-0


[Site "https://www.chess.com"]

[Event "Titled Tuesday Blitz July 6 2021"]
[White "Timmermans, Mark"]
[Black "Vovk, Orest"]
[WhiteFideId "1026399"]
[BlackFideId "14113490"]
[WhiteElo "2460"]
[BlackElo "2203"]
[Result "1-0"]
[Round "10"]
[TimeControl "180+1"]
[Date "2021.07.06"]
[WhiteClock "0:00:22"]
[BlackClock "0:00:05"]

1. b4 a5 2. b5 a4 3. Bb2 b6 4. a3 Nf6 5. c4 d5 6. e3 Be6 7. cxd5 Bxd5 8. Nc3 Bb3 9. Qb1 Nbd7 10. Nf3 e5 11. Be2 Bc5 12. O-O O-O 13. Bd1 Qe7 14. Ne4 Nxe4 15. Qxe4 f5 16. Bxb3+ axb3 17. Qc4+ Kh8 18. Qxb3 e4 19. Nd4 f4 20. exf4 Rxf4 21. Qg3 Bd6 22. Nc6 Qf7 23. Qe3 Rf8 24. a4 Rf3 25. gxf3 Qh5 26. h3 Qxh3 27. f4 Qh5 28. Qg3 Rf7 29. Ne5 Nxe5 30. fxe5 Bc5 31. Ba3 Rf3 32. Bxc5 Rxg3+ 33. fxg3 bxc5 34. Rf8# 1-0


[Site "https://www.chess.com"]

[Event "Titled Tuesday Blitz July 6 2021"]
[White "Tokman, Ariel"]
[Black "Pavlidis, Anastasios"]
[WhiteFideId "117420"]
[BlackFideId "4208404"]
[WhiteElo "2345"]
[BlackElo "2136"]
[Result "0-1"]
[Round "10"]
[TimeControl "180+1"]
[Date "2021.07.06"]
[WhiteClock "0:00:02"]
[BlackClock "0:01:02"]

1. e4 c6 2. Nc3 d5 3. d3 dxe4 4. Nxe4 Nf6 5. Qe2 Bf5 6. Ng3 Bg6 7. Nf3 Qc7 8. Ne5 Nbd7 9. Nxg6 hxg6 10. Bd2 O-O-O 11. O-O-O e6 12. h3 Nd5 13. Ne4 Nc5 14. g3 Nxe4 15. dxe4 Nb4 16. a3 Na6 17. Bg2 Nc5 18. Qc4 Nd7 19. Bc3 Nb6 20. Rxd8+ Qxd8 21. Qe2 f6 22. Rd1 Qc7 23. h4 Bc5 24. Bh3 Re8 25. f4 Na4 26. Bb4 Bxb4 27. axb4 Qb6 28. c3 a5 29. bxa5 Qxa5 30. Qc4 Nc5 31. Kb1 Kc7 32. Qd4 Ra8 33. Qd6+ Kb6 34. Qd4 Qa2+ 35. Kc2 Qb3+ 36. Kb1 Qa2+ 37. Kc2 Qb3+ 38. Kb1 Ra4 39. Qd8+ Ka7 40. Qd6 Qa2+ 41. Kc2 Qb3+ 42. Kb1 Qb5 43. Bf1 Qa5 44. Kc2 Ra2 45. Bc4 Qa4+ 46. Kd2 Qxc4 0-1


[Site "https://www.chess.com"]

[Event "Titled Tuesday Blitz July 6 2021"]
[White "Tomiello, Mateus Costamilan"]
[Black "Molina, Roberto Junio Brito"]
[WhiteFideId "22701958"]
[BlackFideId "2109450"]
[WhiteElo "1995"]
[BlackElo "2402"]
[Result "0-1"]
[Round "10"]
[TimeControl "180+1"]
[Date "2021.07.06"]
[WhiteClock "0:00:15"]
[BlackClock "0:01:23"]

1. e4 c5 2. Nf3 e6 3. d4 cxd4 4. Nxd4 Nc6 5. Nc3 Qc7 6. Be3 a6 7. f3 Nf6 8. Qd2 Bb4 9. a3 Be7 10. g4 b5 11. g5 Nh5 12. Nce2 Bb7 13. Nxc6 dxc6 14. O-O-O c5 15. Nf4 Rd8 16. Nxh5 Rxd2 17. Rxd2 O-O 18. h4 Rd8 19. Rhh2 Bc6 20. Bf4 Qc8 21. Be5 Bf8 22. Bh3 b4 23. axb4 cxb4 24. Rxd8 Qxd8 25. Rd2 Qa5 26. b3 Qxe5 0-1


[Site "https://www.chess.com"]

[Event "Titled Tuesday Blitz July 6 2021"]
[White "Vakhlamov, Igor L."]
[Black "Isajevsky, Anton"]
[WhiteFideId "24126748"]
[BlackFideId "4142500"]
[WhiteElo "2416"]
[BlackElo "2510"]
[Result "1-0"]
[Round "10"]
[TimeControl "180+1"]
[Date "2021.07.06"]
[WhiteClock "0:00:23"]
[BlackClock "0:00:04"]

1. e4 c5 2. Nf3 d6 3. d4 cxd4 4. Qxd4 e5 5. Bb5+ Nd7 6. Qd3 a6 7. Bxd7+ Bxd7 8. O-O Rc8 9. Nc3 h6 10. Nd5 Ne7 11. Rd1 Nxd5 12. Qxd5 Qc7 13. c3 Be7 14. Be3 Be6 15. Qd3 O-O 16. Nd2 Rfe8 17. h3 Red8 18. Qe2 d5 19. exd5 Bxd5 20. Qg4 Qc6 21. c4 Be6 22. Qg3 Kh7 23. Rac1 f5 24. Qxe5 Bf6 25. Qf4 Bxb2 26. Rb1 Bf6 27. Rb6 Qd7 28. Rdb1 Bf7 29. Rxb7 Qe6 30. R1b6 Rc6 31. Rxc6 Qxc6 32. Rxf7 1-0


[Site "https://www.chess.com"]

[Event "Titled Tuesday Blitz July 6 2021"]
[White "Vazquez Espino, Uriel"]
[Black "Leenhouts, Koen"]
[WhiteFideId "5119138"]
[BlackFideId "1008439"]
[WhiteElo "2219"]
[BlackElo "2409"]
[Result "0-1"]
[Round "10"]
[TimeControl "180+1"]
[Date "2021.07.06"]
[WhiteClock "0:00:15"]
[BlackClock "0:00:10"]

1. e4 c5 2. Nf3 e6 3. d4 cxd4 4. Nxd4 a6 5. g3 Nf6 6. Bg2 Qc7 7. O-O Bc5 8. Nc3 O-O 9. Bg5 Nc6 10. Nxc6 dxc6 11. Bxf6 gxf6 12. Qg4+ Kh8 13. Kh1 b5 14. f4 Be7 15. Rae1 c5 16. e5 f5 17. Qh5 Bb7 18. Rf2 c4 19. g4 Bc5 20. Rfe2 Rg8 21. g5 b4 22. Nd1 Rad8 23. Qh3 Rd4 24. Qg3 Rgd8 25. Nf2 Rd2 26. Bxb7 Qxb7+ 27. Qg2 Qb6 28. Nh3 Rxe2 29. Qxe2 c3 30. b3 Qc6+ 31. Qg2 Qxg2+ 32. Kxg2 Rd2+ 33. Kf3 Rxc2 34. g6 hxg6 35. Ng5 Kg7 36. h4 Rf2+ 37. Kg3 Rxa2 38. Rd1 c2 39. Rd7 c1=Q 40. Rxf7+ Kg8 0-1


[Site "https://www.chess.com"]

[Event "Titled Tuesday Blitz July 6 2021"]
[White "Villegas, Pierre"]
[Black "Lomaia, Diana"]
[WhiteFideId "654183"]
[BlackFideId "13612476"]
[WhiteElo "2411"]
[BlackElo "1742"]
[Result "1/2-1/2"]
[Round "10"]
[TimeControl "180+1"]
[Date "2021.07.06"]
[WhiteClock "0:00:04"]
[BlackClock "0:00:10"]

1. d4 d5 2. c4 dxc4 3. e3 Nf6 4. Bxc4 e6 5. Nf3 c5 6. O-O a6 7. dxc5 Qxd1 8. Rxd1 Bxc5 9. Be2 O-O 10. a3 b5 11. b4 Be7 12. Nbd2 Bb7 13. Bb2 Nbd7 14. Nb3 Rac8 15. Nfd4 Nb6 16. Rac1 Na4 17. Ba1 Bd5 18. Na5 Rfd8 19. Ndc6 Bxc6 20. Rxd8+ Bxd8 21. Nxc6 Nd5 22. Kf1 Kf8 23. e4 Nf4 24. Be5 Nxe2 25. Kxe2 Bf6 26. Bd6+ Ke8 27. e5 Bg5 28. Rc2 Nb6 29. Nd4 Nc4 30. g3 Nxd6 31. exd6 Rxc2+ 32. Nxc2 Kd7 33. Nd4 Kxd6 34. Nb3 Kc6 35. Kd3 Be7 36. f4 Bd8 37. g4 Bb6 38. Ke4 Kd6 39. h4 g6 40. f5 exf5+ 41. gxf5 Bf2 42. fxg6 fxg6 43. Kf3 Bxh4 44. Nc5 a5 45. Nb7+ Kc7 46. Nxa5 Be7 47. Nb3 g5 48. Nd4 Kb6 49. Kg4 Bf6 50. Nc2 h6 51. Kf5 Bb2 52. Kg4 Kc6 53. Kh5 Bg7 54. Kg6 Bf8 55. Nd4+ Kb6 56. Kh5 Bg7 57. Nf5 Bb2 58. Kxh6 g4 59. Kg5 Bxa3 60. Kxg4 Bxb4 61. Nd4 Bc5 62. Nxb5 1/2-1/2


[Site "https://www.chess.com"]

[Event "Titled Tuesday Blitz July 6 2021"]
[White "Vlassov, Nikolai"]
[Black "Stojanovski, Sandi"]
[WhiteFideId "4103360"]
[BlackFideId "1403249"]
[WhiteElo "2407"]
[BlackElo "2364"]
[Result "1-0"]
[Round "10"]
[TimeControl "180+1"]
[Date "2021.07.06"]
[WhiteClock "0:00:03"]
[BlackClock "0:00:01"]

1. g4 e5 2. Bg2 Nc6 3. c4 a5 4. Nc3 Bb4 5. Nf3 Bxc3 6. bxc3 d6 7. h3 h5 8. g5 e4 9. Nd4 Qxg5 10. Bxe4 Nxd4 11. cxd4 Nf6 12. d3 Qh4 13. Bf3 Bxh3 14. Bxb7 O-O 15. e3 Rab8 16. Bg2 Ng4 17. Qe2 Rfe8 18. Rxh3 Qf6 19. Rxh5 Nh6 20. Rxa5 Nf5 21. Be4 Nxd4 22. exd4 Qxd4 23. Rb5 Rxb5 24. cxb5 f5 25. Bb2 Qb4+ 26. Qd2 Qxb5 27. O-O-O fxe4 28. Qc3 Re7 29. dxe4 Qg5+ 30. Kb1 Qg4 31. Rd3 Qf4 32. Rg3 1-0


[Site "https://www.chess.com"]

[Event "Titled Tuesday Blitz July 6 2021"]
[White "Wagner, Dennis"]
[Black "Kokoszczynski, Jan"]
[WhiteFideId "24650684"]
[BlackFideId "1174460"]
[WhiteElo "2355"]
[BlackElo "2166"]
[Result "1-0"]
[Round "10"]
[TimeControl "180+1"]
[Date "2021.07.06"]
[WhiteClock "0:00:59"]
[BlackClock "0:00:09"]

1. d4 f5 2. c4 Nf6 3. Nf3 g6 4. Nc3 Bg7 5. g3 O-O 6. Bg2 d6 7. O-O c6 8. b3 a5 9. Bb2 Na6 10. Re1 Qc7 11. e4 fxe4 12. Nxe4 Nxe4 13. Rxe4 Bf5 14. Re3 Rae8 15. Nh4 Bc8 16. Qe2 Bf6 17. Nf3 Bf5 18. h3 Nb4 19. g4 Nc2 20. gxf5 Nxa1 21. fxg6 hxg6 22. Bxa1 Qd7 23. Re6 Kf7 24. Re4 Rh8 25. Bc3 Qf5 26. Qe3 Rh5 27. d5 cxd5 28. cxd5 Rc8 29. Bxf6 Qxf6 30. Nd4 Re5 31. Ne6 Rc2 32. a4 Rb2 33. Rxe5 dxe5 34. Be4 Qf4 35. Nxf4 1-0


[Site "https://www.chess.com"]

[Event "Titled Tuesday Blitz July 6 2021"]
[White "Weetik, Vjacheslav"]
[Black "Shevelev, Dmitry"]
[WhiteFideId "4153472"]
[BlackFideId "24233463"]
[WhiteElo "2469"]
[BlackElo "2482"]
[Result "1-0"]
[Round "10"]
[TimeControl "180+1"]
[Date "2021.07.06"]
[WhiteClock "0:00:08"]
[BlackClock "0:00:21"]

1. e4 c6 2. d4 d5 3. e5 g6 4. c4 Bg7 5. Nc3 Be6 6. cxd5 Bxd5 7. Nge2 Nd7 8. Nf4 Nb6 9. Nfxd5 Nxd5 10. Qb3 Qb6 11. Nxd5 Qxb3 12. axb3 cxd5 13. Bd2 Nh6 14. Ra5 O-O 15. Rxd5 Rfd8 16. Bc4 Nf5 17. Bc3 e6 18. Rb5 Nxd4 19. Rxb7 Bxe5 20. O-O Nc6 21. Ra1 a5 22. g3 Bxc3 23. bxc3 Ne5 24. Bb5 g5 25. h3 h5 26. Kg2 g4 27. hxg4 hxg4 28. Rc7 Kg7 29. Rc5 Kf6 30. Bf1 Rd2 31. Raxa5 Rh8 32. Rxe5 Rb2 33. Re4 Rd8 34. Rxg4 Ke7 35. Ra7+ Kf8 36. Rf4 f5 37. Bc4 Rd6 38. Bxe6 Rxe6 39. Rxf5+ Ke8 40. b4 Rb1 41. Rb5 Rd6 42. Rb8+ Rd8 43. Rxd8+ Kxd8 44. Ra5 Kc8 45. Rc5+ Kb7 46. g4 Kb6 47. Kg3 Rb3 48. f3 Rb2 49. g5 Rb1 50. Kf4 Rg1 51. Kf5 Rd1 52. f4 Rf1 53. g6 Rf3 54. Kg5 Rg3+ 55. Kf5 Rf3 56. Ke5 Rg3 57. Kf6 Rg4 58. f5 Kb7 59. g7 Kb6 60. Kf7 Rf4 61. f6 Rxb4 62. cxb4 1-0


[Site "https://www.chess.com"]

[Event "Titled Tuesday Blitz July 6 2021"]
[White "Yakubboev, Nodirbek"]
[Black "Nakamura, Hikaru"]
[WhiteFideId "14203987"]
[BlackFideId "2016192"]
[WhiteElo "2519"]
[BlackElo "2900"]
[Result "0-1"]
[Round "10"]
[TimeControl "180+1"]
[Date "2021.07.06"]
[WhiteClock "0:00:06"]
[BlackClock "0:00:11"]

1. d4 f5 2. Bg5 Nf6 3. Bxf6 exf6 4. e3 d5 5. c4 dxc4 6. Bxc4 Bd6 7. Nc3 Nd7 8. Qf3 Nb6 9. Bb3 c6 10. Nge2 Qe7 11. Nf4 g6 12. O-O Bd7 13. e4 fxe4 14. Nxe4 O-O-O 15. Rfe1 Rde8 16. Re3 Bc7 17. g3 Kb8 18. Rae1 Qb4 19. Rd1 Rhf8 20. Nc5 Bd6 21. a3 Qb5 22. Nfd3 Rxe3 23. Qxe3 Bc8 24. a4 Qa5 25. Kg2 Nd5 26. Bxd5 cxd5 27. b4 Qc7 28. Ne6 Bxe6 29. Qxe6 Qe7 30. Qxd5 Bxb4 31. Nxb4 Qxb4 32. Qd7 Qb6 33. d5 Qc7 34. Qe6 f5 35. Kg1 Rd8 36. d6 Qd7 37. Qe5 Re8 38. Qd4 a5 39. Qc5 Re4 40. Qxa5 Rxa4 41. Qe5 Re4 42. Qh8+ Qe8 43. Qc3 Qd7 44. Ra1 Re6 45. Qh8+ Qe8 46. Qd4 Re1+ 47. Rxe1 Qxe1+ 48. Kg2 Qe4+ 49. Qxe4 fxe4 50. Kf1 Kc8 51. Ke2 Kd7 52. Ke3 Kxd6 53. Kxe4 Ke6 54. Kd4 Kf5 55. f3 h6 56. Kd5 g5 57. h3 h5 58. Kd4 h4 59. gxh4 gxh4 60. Ke3 b5 61. f4 b4 62. Kf3 b3 63. Ke3 b2 0-1


[Site "https://www.chess.com"]